 Dungeon Sprint DCSS version 0.30-a0-691-g754fce4c43 (webtiles) character file.

Game seed: 13728812670839411274

54 BigDaddyOpFi the Trooper (level 6, -1/53 HPs)
             Began as a Demonspawn Fighter on Jan 19, 2023.
             Was a Follower of Qazlal.
             Slain by a river rat (7 damage)
             ... in the Dungeon (Sprint VI: "Thunderdome").
             The game lasted 00:01:27 (376 turns).

BigDaddyOpFi the Trooper (Demonspawn Fighter)        Turns: 376, Time: 00:01:28

Health: -1/53      AC:  9    Str: 21    XL:     6   Next: 15%
Magic:  10/10      EV:  9    Int: 10    God:    Qazlal [*.....]
Gold:   145        SH:  7    Dex: 14    Spells: 5/5 levels left

rFire   + . .      SeeInvis .    a - +0 war axe
rCold   . . .      Faith    .    c - +0 buckler
rNeg    + + .      Spirit   .    b - +0 scale mail
rPois   .          Reflect  .    (no helmet)
rElec   .          Harm     .    (no cloak)
rCorr   .          Rampage  .    (no gloves)
Will    .....      NoTele   +    (no boots) Stlth
                                 q - amulet "Novos" {RegenMP Dex+2}
HPRegen 0.28/turn                o - ring of Wu Jian's Favour {Wiz rN++}
MPRegen 0.52/turn                p - ring "Acliuneb" {+Blink rF+ Str+3}

@: no status effects
A: slimy green scales 1
a: Renounce Religion, Evoke Blink


You were in the Dungeon.
You worshipped Qazlal.
Qazlal was aware of your devotion.
You visited 1 branch You collected 280 gold pieces.
You spent 135 gold pieces at shops.

Inventory:

Hand Weapons
 a - a +0 war axe (weapon)
Armour
 b - a +0 scale mail (worn)
 c - a +0 buckler (worn)
Jewellery
 o - the ring of Wu Jian's Favour (left hand) {Wiz rN++}
   (You bought it in a shop in the Dungeon)

   [ring of wizardry]

   It improves your spell success rate.
   rN:        It greatly protects you from negative energy.
 p - the ring "Acliuneb" (right hand) {+Blink rF+ Str+3}
   (You bought it in a shop in the Dungeon)

   [ring of protection from fire]

   Str:       It affects your strength (+3).
   rF:        It protects you from fire.
   +Blink:    It lets you blink.
 q - the amulet "Novos" (around neck) {RegenMP Dex+2}
   (You bought it in a shop in the Dungeon)

   [amulet of magic regeneration]

   It increases your rate of magic regeneration.
   Dex:       It affects your dexterity (+2).
Wands
 l - a wand of quicksilver (1) (quivered)
 m - a wand of roots (5)
Scrolls
 j - 4 scrolls of blinking
 n - 3 scrolls of fog
Potions
 d - a potion of might
 e - a potion of curing
 f - 3 potions of heal wounds
 g - 4 potions of haste
 h - 2 potions of magic
 i - a potion of berserk rage
 k - a potion of resistance


   Skills:
 + Level 6.7 Fighting
 + Level 5.8 Axes
 + Level 6.1 Armour
 + Level 6.1 Shields
 + Level 5.7 Invocations


You had 5 spell levels left.
You didn't know any spells.
Your spell library was empty.

Dungeon Overview and Level Annotations

Branches:
Dungeon (1/1)

Altars:
Cheibriados
Dithmenos
Fedhas
Gozag
Kikubaaqudgha
Makhleb
Okawaru
Qazlal
Ru
Sif Muna
Trog
Uskayaw
Vehumet
Wu Jian
Xom
Yredelemnul
Lugonu

Shops:
D *[??*?*:[((!!!!


Innate Abilities, Weirdness & Mutations

You are partially covered in slimy green scales. (AC +2)


Message History

Unknown command.
You hit the basilisk but do no damage.
The basilisk is almost dead.
The basilisk bites you.
You hit the basilisk.
The basilisk is almost dead.
You block the basilisk's attack. The basilisk gazes at you.
You are slowing down.
A river rat comes into view.
You hit the basilisk.
You kill the basilisk!
Qazlal accepts your kill.
You have turned to stone.
Your Fighting skill increases to level 6!
Your Axes skill increases to level 5!
Your Armour skill increases to level 6!
Your Shields skill increases to level 6!
Your Invocations skill gained 2 levels and is now at level 5!
You have reached level 6!
The river rat bites you.
The river rat bites you but does no damage.
The river rat barely misses you.
You turn to flesh and can move again.
You closely miss the river rat. The river rat bites you!
* * * LOW HITPOINT WARNING * * *
You barely miss the river rat. The river rat barely misses you.
You barely miss the river rat. You block the river rat's attack.
You closely miss the river rat. The river rat misses you.
The river rat barely misses you.
You barely miss the river rat. You block the river rat's attack.
You barely miss the river rat. You block the river rat's attack.
You hit the river rat but do no damage.
The river rat is struck by lightning.
The river rat bites you!
* * * LOW HITPOINT WARNING * * *
You hit the river rat but do no damage.
The river rat is almost dead.
The river rat bites you.
* * * LOW HITPOINT WARNING * * *
The river rat bites you!
You die...

⌠..........###...###..........⌠#
⌠..........# #.<.# #...[.)....⌠#
⌠..........###...###..........⌠#
#.............###.............##
###∩......).8.# #.8........∩###
##∩___...[..###......___∩##
######.8.[.......8.######
#⌠......○....⌠# ###....†@...###
#....☼r.._# #_......._#
#_........# #∩.......∩#
##∩.....∩## ##.....## ##⌠⌠⌠##


You could see a river rat.

Vanquished Creatures
  A basilisk (D)
  Blork the orc (D)
  A scorpion (D)
  An orc wizard (D)
  An adder (D)
  4 orcs (D)
  An endoplasm (D)
  A goblin (D)
  A ball python (D)
12 creatures vanquished.

Notes
Turn   | Place    | Note
-------+----------+-------------------------------------------
     0 | D        | BigDaddyOpFi the Demonspawn Fighter began the quest for the
                  | Orb.
     0 | D        | Reached XP level 1. HP: 18/18 MP: 1/1
     4 | D        | Found a sacrificial altar of Ru.
     5 | D        | Found a shimmering altar of Xom.
     5 | D        | Found a radiant altar of Vehumet.
     5 | D        | Round 1.
     6 | D        | Found an opulent altar of Gozag.
     6 | D        | Found an ornate altar of the Wu Jian Council.
     7 | D        | Found a blossoming altar of Fedhas.
     7 | D        | Found Riczilo's Identification Station.
     8 | D        | Found Meos's Jewellery.
     8 | D        | Found Caokk's Advanced Armour.
    18 | D        | Bought a bound ivory ring for 45 gold pieces
    18 | D        | Identified the ring of Wu Jian's Favour {Wiz rN++} (You
                  | bought it in a shop in the Dungeon)
    18 | D        | Bought a bound bronze ring for 45 gold pieces
    18 | D        | Identified the ring "Acliuneb" {+Blink rF+ Str+3} (You
                  | bought it in a shop in the Dungeon)
    18 | D        | Bought a bound sapphire amulet for 45 gold pieces
    18 | D        | Identified the amulet "Novos" {RegenMP Dex+2} (You bought
                  | it in a shop in the Dungeon)
   125 | D        | Noticed a scorpion
   134 | D        | Killed a scorpion
   135 | D        | Gained mutation: You are partially covered in slimy green
                  | scales. (AC +2) [demonic ancestry]
   135 | D        | Reached XP level 2. HP: 15/26 MP: 2/2
   135 | D        | Reached XP level 3. HP: 18/31 MP: 3/3
   138 | D        | Found a shadowy altar of Dithmenos.
   141 | D        | Found Xuriados's Magic Scroll Shop.
   144 | D        | Reached XP level 4. HP: 25/38 MP: 4/4
   146 | D        | Arena points: 12 (+12) [x2]
   147 | D        | Found a bloodstained altar of Trog.
   147 | D        | Found a stormy altar of Qazlal.
   147 | D        | Found a burning altar of Makhleb.
   147 | D        | Found Vich's Staff Store.
   194 | D        | Round 2.
   201 | D        | Found a corrupted altar of Lugonu.
   202 | D        | Found a snail-covered altar of Cheibriados.
   204 | D        | Found Biat's Premium Goods.
   205 | D        | Found a hide-covered altar of Uskayaw.
   205 | D        | Found a basalt altar of Yredelemnul.
   205 | D        | Found Munurasila's Weapon Rack.
   205 | D        | Found Roipho's Miscellaneous Merchandise.
   205 | D        | Found Koheamn's Basic Armour.
   210 | D        | Found an iron altar of Okawaru.
   211 | D        | Found an ancient bone altar of Kikubaaqudgha.
   212 | D        | Found Guczym's Do-It-Yourself Clinic.
   213 | D        | Found Jinifij's Bottled Wisdom.
   213 | D        | Found Teinumn's Distillery.
   213 | D        | Found a shimmering blue altar of Sif Muna.
   213 | D        | Found Efigigo's Distillery.
   228 | D        | Found Vakaghom's Must-Have Magic.
   228 | D        | Found Oschip's Magic Scroll Shop.
   233 | D        | Became a worshipper of Qazlal Stormbringer
   246 | D        | Noticed Blork the orc
   252 | D        | Killed Blork the orc
   253 | D        | Reached skill level 5 in Fighting
   253 | D        | Reached skill level 5 in Armour
   253 | D        | Reached skill level 5 in Shields
   253 | D        | Reached XP level 5. HP: 42/45 MP: 4/7
   270 | D        | Reached * piety under Qazlal
   289 | D        | Arena points: 54 (+42) [x3]
   338 | D        | Round 3.
   342 | D        | Noticed a basilisk
   361 | D        | Killed a basilisk
   362 | D        | Reached skill level 5 in Axes
   362 | D        | Reached skill level 5 in Invocations
   362 | D        | Reached XP level 6. HP: 19/53 MP: 7/10
   376 | D        | Slain by a river rat

Illustrated notes

Levels and vault maps discovered:
D:        arena_sprint

Skill      XL: |  1  2  3  4  5 |
---------------+----------------+-----
Axes           | 3 4 5 |  5.8
Fighting       | 4 5 6 |  6.7
Armour         | 4 5 6 |  6.1
Shields        | 4 5 6 |  6.1
Invocations    | 3 5 |  5.7

Action                   |  1- 3 |  4- 6 || total
-------------------------+-------+-------++-------
Melee: War axe           |    10 |    28 ||    38
Evoke: Wand              |       |     4 ||     4
  Use: Potion            |     1 |       ||     1
Armor: Scale mail        |     5 |     7 ||    12
Dodge: Dodged            |     3 |    11 ||    14
Block: Buckler           |     3 |     6 ||     9

Table legend: (Time is in decaauts)
 A = Elapsed time spent in this place.
 B = Non-inter-level travel time spent in this place.
 C = Inter-level travel time spent in this place.
 D = Time resting spent in this place.
 E = Time spent auto-exploring this place.
 F = Levels seen in this place.
 G = Mean time per level.
                   A        B        C        D        E       F      G
               +--------+--------+--------+--------+--------+-----+--------+
         Total |    388 |    388 |      0 |    141 |      6 |   1 |  388.0 |
       Dungeon |    388 |    388 |      0 |    141 |      6 |   1 |  388.0 |
               +--------+--------+--------+--------+--------+-----+--------+

Top non-repeatable levels by time:
       D: 388 daAuts
